 Dungeon Crawl Stone Soup version 0.32-a0-886-g41c5271 (webtiles) character file.

Game seed: 9698603059802100745

2631 Dorkslayer the Trooper (level 9, -13/92 HPs)
             Began as an Oni Fighter on Apr 2, 2024.
             Mangled by a two-headed ogre
             ... wielding a +0 giant club
              (18 damage)
             ... on level 7 of the Dungeon.
             The game lasted 00:17:16 (5052 turns).

Dorkslayer the Trooper (Oni Fighter)                Turns: 5052, Time: 00:17:17

Health: -13/92     AC:  8    Str: 33    XL:     9   Next: 61%
Magic:  9/9        EV:  8    Int:  9    God:
Gold:   236        SH: 10    Dex:  5    Spells: 8/8 levels left

rFire   + + .        e - +3 trident of the Hummingbird {elec, rPois rF+ rC+}
rCold   + . .        c - +3 kite shield
rNeg    . . .        b - +0 robe
rPois   +            f - +4 hat of Emucla {Will+ Dex+2}
rElec   .            r - +0 cloak
rCorr   .            (gloves unavailable)
SInv    +            (boots unavailable)
Will    ++...        (no amulet)
Stlth   +            d - ring of protection from cold
HPRegen 0.35/turn    w - ring "Aloll" {Fire Str+7 Dex-5 SInv}
MPRegen 0.11/turn

%: no passive effects
@: no status effects
A: large, unfitting armour, horns 1, tough skin 1, double potion healing,
drunken brawling, strong-willed 1, devolution 1
a: no special abilities


You were on level 7 of the Dungeon.
You visited 1 branch of the dungeon, and saw 7 of its levels.

You collected 347 gold pieces.
You spent 111 gold pieces at shops.

Inventory:

Hand Weapons
 a - a +0 war axe
 e - the +3 trident of the Hummingbird (weapon) {elec, rPois rF+ rC+}
   (You found it on level 5 of the Dungeon)

   rF+:       It protects you from fire.
   rC+:       It protects you from cold.
   rPois:     It protects you from poison.
 v - a +1 heavy war axe
Missiles
 m - 4 boomerangs (quivered)
 q - 3 javelins
 u - 2 throwing nets
 y - a curare-tipped dart
Armour
 b - a +0 robe (worn)
 c - a +3 kite shield (worn)
 f - the +4 hat of Emucla (worn) {Will+ Dex+2}
   (You acquired it on level 4 of the Dungeon)

   Dex+2:     It affects your dexterity (+2).
   Will+:     It increases your willpower.
 r - a +0 cloak (worn)
Jewellery
 d - a ring of protection from cold (left hand)
 w - the ring "Aloll" (right hand) {Fire Str+7 Dex-5 SInv}
   (You found it on level 6 of the Dungeon)

   [ring of fire]

   Fire:      It enhances your fire magic.
   Str+7:     It affects your strength (+7).
   Dex-5:     It affects your dexterity (-5).
   rF+:       It protects you from fire.
   rC-:       It makes you vulnerable to cold.
   SInv:      It lets you see invisible.
Wands
 g - a wand of flame (13)
 o - a wand of mindburst (9)
 B - a wand of warping (5)
Scrolls
 h - 2 scrolls of silence
 i - a scroll of revelation
 j - 2 scrolls of fog
 p - 2 scrolls of teleportation
 x - a scroll of identify
Potions
 k - a potion of brilliance {unknown}
 l - 3 potions of curing
 n - 2 potions of mutation
 s - 2 potions of haste
 t - 4 potions of heal wounds {unknown}
 z - a potion of magic {unknown}
 A - a potion of enlightenment {unknown}


   Skills:
 + Level 6.8 Fighting
 + Level 5.9(6.8) Axes
 + Level 5.1(6.4) Polearms
 + Level 0.6 Throwing
 + Level 5.1 Dodging
 + Level 1.9 Stealth
 + Level 5.2 Shields
 * Level 4.3 Evocations


You had 8 spell levels left.
You didn't know any spells.
Your spell library contained the following spells:

 Spells                   Type           Power      Damage    Failure   Level
 Dispersal                Tloc           0%         N/A       100%        6
 Gell's Gavotte           Tloc           0%         2d(11-16) 100%        6
 Manifold Assault         Tloc           0%         N/A       100%        7
 Disjunction              Tloc           0%         N/A       100%        8


Dungeon Overview and Level Annotations

Branches:
Dungeon (7/15)
 Temple: D:4-7

Altars:
Fedhas
Kikubaaqudgha
Nemelex Xobeh
Wu Jian
Yredelemnul
The Shining One

Shops:
D:5 *


Innate Abilities, Weirdness & Mutations

You are too large for most types of armour.
You have a pair of small horns on your head.
You have tough skin. (AC +1)
You gain doubled healing and magic from potions.
Whenever you drink a healing potion, you attack all around you.
You are strong-willed. (Will+)
You have hidden genetic defects.


Message History

You puncture the kobold brigand!
Lightning courses through the kobold brigand!!
You kill the kobold brigand!
A kobold comes into view. It is wielding a +0 short sword.
You hit the kobold. Lightning courses through the kobold!
You kill the kobold!
The kobold throws a stone.
You block the stone.
A two-headed ogre comes into view. It is wielding two +0 giant clubs.
The two-headed ogre shouts in stereo!
Items here: ( )) [.
You puncture the kobold!
You kill the kobold!
You hit the two-headed ogre.
The two-headed ogre is lightly wounded.
The two-headed ogre barely misses you.
The two-headed ogre hits you with a +0 giant club!!
You puncture the two-headed ogre!
Your headbutt misses the two-headed ogre.
The two-headed ogre is lightly wounded.
The two-headed ogre hits you with a +0 giant club!
The two-headed ogre completely misses you.
You puncture the two-headed ogre!
The two-headed ogre is heavily wounded.
The two-headed ogre hits you with a +0 giant club!
The two-headed ogre hits you with a +0 giant club!!
You puncture the two-headed ogre!
The two-headed ogre is severely wounded.
You hit the two-headed ogre. You headbutt the two-headed ogre.
The two-headed ogre is severely wounded.
You block the two-headed ogre's attack.
The two-headed ogre hits you with a +0 giant club!!
* * * LOW HITPOINT WARNING * * *
You hit the two-headed ogre.
The two-headed ogre is almost dead.
The two-headed ogre hits you but does no damage.
The two-headed ogre barely misses you.
You hit the two-headed ogre. You headbutt the two-headed ogre.
The two-headed ogre is almost dead.
The two-headed ogre hits you with a +0 giant club!!
You die...

### ##.##
##.#.##
#@###.## ####
......O##
##.########...
##.####
#...........##
#.#.######.....
#.##.# ######
#. #.# . #.#
##.##.# #.##.##


You could see a two-headed ogre.

Vanquished Creatures
  The ghost of uithing the Cudgeller, a novice FoFi (D:6)
  Pikel (D:6)
  4 ice beasts
  An orc warrior (D:6)
  A centaur (D:5)
  An ogre (D:4)
  A phantom (D:5)
  3 lemures (D:6)
  2 kobold brigands (D:7)
  A wyvern zombie (D:7)
  A scorpion (D:5)
  A howler monkey (D:6)
  A bullfrog zombie (D:7)
  4 centaur zombies (D:7)
  2 orc priests
  A wyvern simulacrum (D:6)
  A hound (D:4)
  5 iguanas
  A sleepcap (D:4)
  Ijyb (D:4)
  An orc wizard (D:3)
  A killer bee zombie (D:7)
  A bullfrog simulacrum (D:6)
  2 centaur simulacra (D:6)
  A howler monkey zombie (D:7)
  7 gnolls
  6 adders
  3 white imps
  A dart slug (D:2)
  A ribbon worm (D:4)
  23 orcs
  5 endoplasms
  3 giant cockroaches
  5 goblins
  4 hobgoblins
  8 quokkas
  2 ball pythons
  3 bats
  3 frilled lizards (D:3)
  8 kobolds
  3 rats
125 creatures vanquished.

Vanquished Creatures (collateral kills)
  A gnoll (D:4)
  A goblin (D:4)
2 creatures vanquished.

Grand Total: 127 creatures vanquished

Notes
Turn   | Place    | Note
-------+----------+-------------------------------------------
     0 | D:1      | Dorkslayer the Oni Fighter began the quest for the Orb.
     0 | D:1      | Reached XP level 1. HP: 24/24 MP: 1/1
    86 | D:1      | Reached XP level 2. HP: 23/32 MP: 2/2
   800 | D:2      | Found a blossoming altar of Fedhas.
   895 | D:2      | Reached XP level 3. HP: 40/40 MP: 3/3
  1262 | D:2      | Found a faded altar of an unknown god.
  1465 | D:3      | Found a glowing golden altar of the Shining One.
  1666 | D:3      | Reached XP level 4. HP: 39/49 MP: 4/4
  2130 | D:4      | Identified a scroll of acquirement
  2130 | D:4      | Acquired the +4 hat of Emucla {Will+ Dex+2}
  2188 | D:4      | Noticed an ogre
  2195 | D:4      | Killed an ogre
  2196 | D:4      | Reached XP level 5. HP: 55/55 MP: 5/5
  2243 | D:4      | Reached skill level 5 in Fighting
  2247 | D:4      | You fall into a shaft and drop 3 floors!
  2337 | D:7      | Noticed an orc warrior
  2344 | D:6      | Killed an orc warrior
  2345 | D:6      | Reached skill level 1 in Evocations
  2345 | D:6      | Reached XP level 6. HP: 12/66 MP: 6/6
  2399 | D:5      | Entered Level 5 of the Dungeon
  2459 | D:4      | Noticed Ijyb
  2474 | D:4      | Killed Ijyb
  2505 | D:4      | Reached XP level 7. HP: 49/72 MP: 7/7
  2808 | D:4      | Reached skill level 1 in Stealth
  2887 | D:4      | Found an ancient bone altar of Kikubaaqudgha.
  3224 | D:5      | Found Rethor's Assorted Antiques.
  3231 | D:5      | Bought a coppery potion for 21 gold pieces
  3231 | D:5      | Bought a metallic amethyst potion for 21 gold pieces
  3231 | D:5      | Bought a coppery potion for 21 gold pieces
  3231 | D:5      | Bought a scroll of identify for 48 gold pieces
  3455 | D:5      | Found a sparkling altar of Nemelex Xobeh.
  3564 | D:5      | Found an ornate altar of the Wu Jian Council.
  3573 | D:5      | Identified the +3 trident of the Hummingbird {elec, rPois
                  | rF+ rC+}
  3587 | D:6      | Identified the +1 spear "Concordance" {heavy, rF+ rN+}
  3597 | D:6      | Noticed Pikel
  3621 | D:6      | Killed Pikel
  3622 | D:6      | Reached skill level 5 in Axes
  3622 | D:6      | Reached XP level 8. HP: 69/83 MP: 8/8
  3765 | D:5      | Reached skill level 1 in Polearms
  3788 | D:5      | Reached skill level 6 in Fighting
  4231 | D:6      | Found a runed translucent gate.
  4231 | D:6      | Found a runed translucent gate.
  4231 | D:6      | Found a runed translucent gate.
  4430 | D:6      | Noticed uithing's ghost (novice FoFi)
  4663 | D:6      | Reached XP level 9. HP: 85/91 MP: 9/9
  4678 | D:6      | Killed uithing's ghost
  4679 | D:6      | Reached skill level 5 in Shields
  4705 | D:6      | Got the ring "Aloll" {Fire Str+7 Dex-5 SInv}
  4716 | D:6      | Gained mutation: You have hidden genetic defects. [potion
                  | of mutation]
  4716 | D:6      | Gained mutation: You are strong-willed. (Will+) [potion of
                  | mutation]
  4916 | D:7      | Reached skill level 5 in Dodging
  4966 | D:7      | Found a basalt altar of Yredelemnul.
  4977 | D:7      | Reached skill level 5 in Polearms
  5044 | D:7      | Noticed a two-headed ogre
  5050 | D:7      | HP: 4/92 [two-headed ogre/+0 giant club (26)]
  5052 | D:7      | Mangled by a two-headed ogre

Illustrated notes

Levels and vault maps discovered:
D:1:      lemuel_arrival_cross, layout_loops_ring
D:2:      layout_loops_corners, basic_altar, dreamdust_ecumenical_altar_grove,
          st_stairs_5, minmay_misc_feat_columns
D:3:      layout_rooms, lemuel_tele_altar
D:4:      layout_gridville, old_standard_altar, uniq_ijyb
D:5:      layout_basic, nemelex_diamond_rough_becter,
          nicolae_wu_jian_glorious_leap, serial_shops, shop, nicolae_titane
D:6:      layout_loops_ring, gammafunk_ghost_icy, uniq_pikel
D:7:      layout_loops_ring, nicolae_yredelemnul_corpse_copse,
          minmay_temple_entry_grid, minmay_small_thing

Skill      XL: |  1  2  3  4  5  6  7  8  9 |
---------------+----------------------------+-----
Dodging        | 3 4 5 |  5.1
Shields        | 3 4 5 |  5.2
Axes           | 3 4 5 |  5.9
Fighting       | 5 6 |  6.8
Evocations     | 1 2 3 4 |  4.3
Stealth        | 1 |  1.9
Polearms       | 3 5 |  5.1
Throwing       | |  0.6

Action                     |  1- 3 |  4- 6 |  7- 9 || total
---------------------------+-------+-------+-------++-------
  Melee: War axe           |    92 |    70 |    47 ||   209
         Headbutt          |    13 |    12 |    35 ||    60
         Trident           |       |       |   132 ||   132
  Throw: Boomerang         |       |       |     2 ||     2
  Evoke: Wand              |       |    11 |    21 ||    32
    Use: Scroll            |     5 |     5 |     5 ||    15
         Potion            |     1 |     1 |     1 ||     3
   Stab: Sleeping          |       |       |     3 ||     3
 Armour: Robe              |    72 |    45 |    82 ||   199
  Dodge: Dodged            |    31 |     9 |    48 ||    88
  Block: Kite shield       |    36 |    29 |    82 ||   147

Table legend: (Time is in decaauts)
 A = Elapsed time spent in this place.
 B = Non-inter-level travel time spent in this place.
 C = Inter-level travel time spent in this place.
 D = Time resting spent in this place.
 E = Time spent auto-exploring this place.
 F = Levels seen in this place.
 G = Mean time per level.
                   A        B        C        D        E       F      G
               +--------+--------+--------+--------+--------+-----+--------+
         Total |   5171 |   5171 |      0 |      0 |   2116 |   7 |  738.7 |
       Dungeon |   5171 |   5171 |      0 |      0 |   2116 |   7 |  738.7 |
               +--------+--------+--------+--------+--------+-----+--------+

Top non-repeatable levels by time:
     D:5: 1043 daAuts
     D:6: 821 daAuts
     D:4: 810 daAuts
     D:2: 797 daAuts
     D:3: 773 daAuts
     D:1: 618 daAuts
     D:7: 306 daAuts
